 Dungeon Crawl Stone Soup version 0.21.1-1-g345015f (webtiles) character file.

158 letownia2 the Conjurer (level 5, 35/35 HPs)
             Began as a Demonspawn Wizard on Feb 10, 2018.
             Quit the game on level 3 of the Dungeon.
             The game lasted 00:04:31 (2127 turns).

letownia2 the Conjurer (Demonspawn Wizard)          Turns: 2127, Time: 00:04:31

Health: 35/35      AC:  4    Str:  8    XL:     5   Next: 16%
Magic:  4/9        EV: 11    Int: 19    God:
Gold:   98         SH:  0    Dex: 12    Spells: 1/10 levels left

rFire    . . .     SeeInvis .   e - +0 dagger
rCold    . . .     Gourm    .   (no shield)
rNeg     . . .     Faith    .   t - +0 leather armour (curse)
rPois    .         Spirit   .   b - +0 hat
rElec    .         Reflect  .   i - +0 cloak
rCorr    .         Harm     .   (no gloves)
MR       .....                  (no boots)
Stlth    ++........             (no amulet)
HPRegen  0.11/turn              (no ring)
MPRegen  0.11/turn              (no ring)

@: no status effects
A: claws 1, powered by pain 1, spiny 1
a: no special abilities


You were on level 3 of the Dungeon.
You were hungry.

You visited 1 branch of the dungeon, and saw 4 of its levels.

You collected 98 gold pieces.

Inventory:

Hand Weapons
 e - a +0 dagger (weapon)
 s - a cursed -1 rapier
Armour
 a - a +0 robe
 b - a +0 hat (worn)
 i - a +0 cloak (worn)
 n - a +0 leather armour
 r - a +0 pair of gloves
 t - a cursed +0 leather armour (worn)
Jewellery
 l - a +3 ring of evasion {unknown}
Wands
 q - a wand of disintegration (15)
Scrolls
 f - 4 scrolls of teleportation {unknown}
 g - a scroll of magic mapping {unknown}
 h - 2 scrolls of identify {unknown}
 k - 2 scrolls of enchant weapon {unknown}
 o - a scroll of blinking {unknown}
 p - a scroll of remove curse {unknown}
Potions
 j - a potion of mutation {unknown}
 m - 2 potions of berserk rage {unknown}
 u - a potion of haste {unknown}
Books
 c - a book of Minor Magic

   Spells                             Type                      Level
   a - Magic Dart                     Conjuration                  1
   b - Blink                          Translocation                2
   c - Call Imp                       Summoning                    2
   d - Slow                           Hexes                        2
   e - Conjure Flame                  Conjuration/Fire             3
   f - Mephitic Cloud                 Conjuration/Poison/Air       3
Comestibles
 d - 4 rations
 v - a chunk of flesh


   Skills:
 - Level 1.7 Dodging
 - Level 1.7 Stealth
 - Level 3.0 Spellcasting
 - Level 4.6 Conjurations
   Level 1.0 Summonings
 - Level 0.8 Translocations
 + Level 0.6 Fire Magic
 + Level 0.6 Air Magic
 + Level 0.8 Poison Magic


You had one spell level left.
You knew the following spells:

 Your Spells              Type           Power        Failure   Level  Hunger
a - Magic Dart            Conj           ###.         3%          1    None
b - Blink                 Tloc           N/A          24%         2    ##.....
c - Conjure Flame         Conj/Fire      ##......     22%         3    ###....
e - Mephitic Cloud        Conj/Pois/Air  ##......     28%         3    ###....


Dungeon Overview and Level Annotations

Branches:
Dungeon (4/15)
 Temple: D:4-7

Altars:
Ashenzari
Qazlal


Innate Abilities, Weirdness & Mutations

You have sharp fingernails.
You sometimes gain a little power by taking damage.
You are partially covered in sharp spines.


Message History

The orc wizard is severely wounded.
Casting: Magic Dart
Confirm with . or Enter, or press ? or * to list all spells.
Aiming: Magic Dart
Press: ? - help, Shift-Dir - straight line, f/p - orc wizard
Aim: an orc wizard, wielding a dagger and wearing a robe (severely wounded, confused)
The magic dart hits the orc wizard.
You kill the orc wizard!
You have reached level 5!
Your demonic ancestry asserts itself...
Sharp spines emerge from parts of your body.
Things that are here:
a dagger; a robe There isn't anything to butcher here.
There is a stone staircase leading down here.
Are you sure you want to abandon this character and quit the game? (Confirm with "yes".)
Okay, then.
Saving game... please wait.
Welcome back, letownia2 the Demonspawn Wizard.
Press ? for a list of commands and other information.
Are you sure you want to abandon this character and quit the game? (Confirm with "yes".)

#.............##.#
##..).......#....#
#..#......##.####
#..#..######.#
#..#..# ##.####
##..#..# #..<...
#...#..# ###..####
#......###....#...
#@.#.......##.#.##
##.....#####.......
#..##..#####.......
#[.................
#..###.....#.......
#### #.....#..#####
##.....#.##
#........####
#...........###


There were no monsters in sight!

Vanquished Creatures
  The ghost of Frank the Ducker, an amateur OpFi (D:3)
  An orc wizard (D:3)
  An adder (D:2)
  An ooze (D:1)
  A worm (D:3)
  A leopard gecko (D:2)
  4 orcs (D:3)
  A ball python (D:3)
  3 giant cockroaches
  2 goblins
  5 hobgoblins
  4 jackals (D:2)
  2 kobolds
  A frilled lizard (D:2)
  A quokka skeleton (D:2)
  3 rats
32 creatures vanquished.

Vanquished Creatures (others)
  An orc (D:4)
  A quokka (D:4)
  A frilled lizard (D:4)
3 creatures vanquished.

Grand Total: 35 creatures vanquished

Notes
Turn   | Place    | Note
-------+----------+-------------------------------------------
     0 | D:1      | letownia2 the Demonspawn Wizard began the quest for the Orb.
     0 | D:1      | Reached XP level 1. HP: 13/13 MP: 4/4
    86 | D:1      | Reached skill level 2 in Conjurations
    86 | D:1      | Gained mutation: You sometimes gain a little power by taking damage. [demonic ancestry]
    86 | D:1      | Reached XP level 2. HP: 19/19 MP: 0/6
   840 | D:2      | Reached skill level 3 in Conjurations
   840 | D:2      | Reached XP level 3. HP: 16/24 MP: 2/7
   909 | D:3      | Learned a level 3 spell: Mephitic Cloud
   913 | D:3      | Learned a level 3 spell: Conjure Flame
  1109 | D:3      | Noticed Frank's ghost (amateur OpFi)
  1125 | D:3      | Killed Frank's ghost
  1125 | D:3      | Reached skill level 4 in Conjurations
  1125 | D:3      | Gained mutation: You have sharp fingernails. [demonic ancestry]
  1125 | D:3      | Reached XP level 4. HP: 30/30 MP: 0/8
  1212 | D:3      | Found a shattered altar of Ashenzari.
  1291 | D:3      | Found a stormy altar of Qazlal.
  1653 | D:3      | Learned a level 2 spell: Blink
  2119 | D:3      | Gained mutation: You are partially covered in sharp spines. [demonic ancestry]
  2119 | D:3      | Reached XP level 5. HP: 35/35 MP: 3/9
  2127 | D:3      | Quit the game

Skill      XL: |  1  2  3 |
---------------+----------+-----
Conjurations   | 2 3 4 |  4.6
Dodging        | |  1.7
Stealth        | |  1.7
Spellcasting   | |  3.0
Summonings     | |  1.0
Translocations | |  0.8
Fire Magic     | |  0.6
Air Magic      | |  0.6
Poison Magic   | |  0.8

Action                   |  1- 3 |  4- 6 || total
-------------------------+-------+-------++-------
Melee: Dagger            |    12 |    10 ||    22
 Cast: Magic Dart        |    70 |    24 ||    94
       Mephitic Cloud    |       |     1 ||     1
  Eat: Chunk             |       |     3 ||     3
Armor: Robe              |     3 |       ||     3
       Leather armour    |       |     1 ||     1
Dodge: Dodged            |    13 |    16 ||    29
